AoeStats
← Mr. nobuildorder

Pilgrims

510181224Analyzed
2v2 RM · 3d ago on Sep 29, 2026· 44m 56s· 4 players
Game mode
Random Map
Map size
Medium (4 player)
Population
200
Speed
Normal
Resources
Standard
Victory
Conquest
Starting age
Dark Age
Ending age
Imperial Age
RankedLock teamsTeams togetherTeam positionsShared explorationLock speedFull tech treeHidden civsTurbo modeCheats
Victory
Defeat
🇺🇸 Japanese · United States
1219
+17
🇺🇸 Chinese · United States
1180
+19
🇭🇰 Spanish · Hong Kong SAR China
1260
-18
🇺🇸 Malay · United States
1236
-18
cutiewing
5:59 Loom
14:59 Feudal Age
21:50 Town Watch
27:10 Castle Age
25:05 Fletching
Mr. nobuildorder
3:51 Loom
11:18 Feudal Age
11:08 Double-Bit Axe
14:21 Fletching
17:26 Castle Age
16:15 Town Watch
17:20 Bodkin Arrow
18:33 Padded Archer Armor
19:41 Wheelbarrow
18:49 Crossbowman
23:35 Bow Saw
31:35 Man-at-Arms
32:15 Squires
33:40 Forging
33:40 Long Swordsman
34:20 Horse Collar
35:48 Redemption
39:16 Imperial Age
39:30 Iron Casting
42:17 Imperial Age
41:41 Sanctity
42:31 Block Printing
43:56 Conscription
45:01 Masonry
hitman_aoe
6:28 Loom
12:34 Feudal Age
13:50 Town Watch
13:59 Fishing Lines
17:31 Castle Age
16:18 Fletching
16:44 Scale Mail Armor
17:00 Gold Mining
17:24 Padded Archer Armor
18:39 Bodkin Arrow
19:06 Chain Mail Armor
18:37 Double-Bit Axe
20:59 Forging
21:35 Squires
22:19 Iron Casting
22:30 Arson
23:27 Gold Shaft Mining
23:40 Gillnets
27:35 Wheelbarrow
28:05 Clinker Construction
30:33 Ballistics
31:51 Hand Cart
34:33 Gambesons
37:22 Imperial Age
36:58 Horse Collar
37:39 Elite Samurai
39:09 Plate Mail Armor
39:49 Blast Furnace
40:04 Conscription
42:19 Kataparuto
42:11 Town Patrol
41:49 Capped Ram
42:57 Siege Engineers
43:52 Bodkin Arrow
verano22
10:18 Loom
12:12 Feudal Age
20:11 Castle Age
17:52 Man-at-Arms
18:36 Fletching
18:47 Padded Archer Armor
19:15 Fishing Lines
20:10 Double-Bit Axe
20:18 Gold Mining
20:27 Crossbowman
21:07 Bodkin Arrow
22:05 Medium Warships
22:31 Stone Mining
24:02 Ballistics
24:04 Gillnets
24:38 Leather Archer Armor
33:27 Imperial Age
32:21 Stone Shaft Mining
34:53 Ring Archer Armor
34:24 Bracer
37:15 Bow Saw
43:37 Chemistry
43:54 Town Watch
44:46 Wheelbarrow
Connection lost

Rejoining the realm…

Still unreachable

The connection could not be restored.

Session expired

The server has moved on; the page needs a fresh start.